Map: Eternal Empire LE

Players

Slaight - Winner!

  • Race: Protoss Protoss
  • League: Platinum
  • Spawn Location: 7:00

léo

  • Race: Zerg Zerg
  • League: Platinum
  • Spawn Location: 1:00

VOD

Have the link to the VOD?

Description

Time

  • Played on: Aug. 14, 2020, 11:15 a.m.
  • Length: 6:39
Show
View Real Time Build Order
Export as new Build Order

Slaight Protoss - Winner!

Build Orders: 1 Gate Expand 

Get SALT Encoding   

  12  0:02  Probe  
  13  0:14  Probe  
  14  0:18  Pylon  
  14  0:25  Assimilator  
  14  0:28  Probe  
  15  0:41  Gateway  
  15  0:44  Probe (Chrono Boost)  
  16  0:54  Probe (Chrono Boost)  
  17  0:59  Probe (Chrono Boost)  
  18  1:11  Probe  
  19  1:23  Nexus  
  19  1:39  Cybernetics Core  
  19  1:42  Probe  
  20  1:48  Pylon  
  20  1:50  Assimilator  
  20  1:58  Probe  
  21  2:10  Probe  
  22  2:15  Adept (Chrono Boost)  
  22  2:22  Robotics Facility  
  24  2:23  Probe  
  24  2:25  Warp Gate  
  25  2:35  Probe  
  26  2:42  Stalker (Chrono Boost)  
  28  2:46  Probe  
  28  2:48  Probe  
  30  2:57  Twilight Council  
  30  2:58  Probe  
  31  3:00  Probe  
  32  3:10  Probe  
  32  3:12  Gateway  
  33  3:20  Immortal (Chrono Boost)  
  37  3:51  Immortal (Chrono Boost)  
  37  3:53  Charge (Chrono Boost)  
  39  4:04  Gateway  
  39  4:05  Gateway  
  39  4:07  Gateway  
  39  4:09  Gateway  
  39  4:13  Pylon  
  39  4:19  Pylon  
  39  4:21  Pylon  
  39  4:29  Warp Prism  
  41  4:44  Pylon  
  41  4:46  Gateway  
  41  4:49  Pylon  
  41  5:08  Probe x2  
  43  5:20  Probe  
  44  5:26  Zealot x6  
  56  5:41  Zealot  
  58  5:43  Zealot x3  
  58  5:44  Zealot  
  58  5:46  Sentry  
  68  6:05  Zealot x5  
  76  6:29  Zealot x5  
Show
View Real Time Build Order
Export as new Build Order

léo Zerg 

Build Orders: Hatch First 

Get SALT Encoding   

  12  0:02  Drone  
  13  0:13  Overlord  
  13  0:17  Drone  
  14  0:32  Drone x2  
  14  0:35  Drone  
  17  0:53  Hatchery  
  16  0:57  Drone  
  16  1:01  Drone  
  18  1:07  Extractor  
  17  1:17  Spawning Pool  
  16  1:19  Drone  
  16  1:25  Drone  
  18  1:30  Drone  
  20  1:40  Drone  
  20  1:50  Overlord  
  20  2:05  Queen x2  
  20  2:06  Zergling x2  
  26  2:08  Zergling x2  
  26  2:17  Metabolic Boost  
  26  2:22  Drone x2  
  28  2:32  Drone x2  
  28  2:36  Drone  
  31  2:39  Overlord  
  31  2:57  Hatchery, Queen  
  32  3:02  Drone x2  
  34  3:31  Zergling x8  
  34  3:33  Drone x6  
  41  3:47  Drone x2  
  41  3:58  Queen  
  41  3:59  Drone  
  41  4:00  Overlord  
  41  4:01  Overlord x2  
  44  4:18  Drone x3  
  44  4:19  Drone x4  
  44  4:21  Queen  
  44  4:23  Lair  
  53  4:27  Drone  
  53  4:29  Drone, Roach Warren  
  55  4:31  Drone  
  55  4:35  Drone  
  56  4:49  Drone  
  56  4:52  Drone x7  
  64  4:59  Spore Crawler  
  63  5:02  Spore Crawler, Zergling x6  
  65  5:07  Spore Crawler  
  64  5:15  Extractor x2  
  64  5:17  Extractor  
  64  5:21  Extractor  
  60  5:22  Extractor  
  59  5:29  Drone x11  
  70  5:48  Drone x4  
  74  5:50  Overlord x2  
  74  5:51  Overlord  
  74  6:02  Roach  
  71  6:06  Zergling x2  
  71  6:07  Zergling x10  
  74  6:14  Spine Crawler  
  74  6:15  Spine Crawler x2  
  74  6:17  Spine Crawler x2  
  74  6:18  Spine Crawler  
  68  6:21  Zergling x2  
Tags
 
Add a new tag
Caveats
  • Supply blocks, unpowered buildings, or Contaminate may cause inaccurate times.
  • Supply counts are checked every 10 seconds.